 Dungeon Sprint DCSS version 0.23.2-1-ga50397a6bc (webtiles) character file.

Game seed: 14110438929353381867

4693 Kobolds4U the Spry (level 10, -15/104 HPs)
             Began as a Minotaur Berserker on May 10, 2019.
             Was a High Priest of Trog.
             Demolished by Sonja
             ... wielding a +1 short sword of distortion
              (16 damage)
             ... in the Dungeon (Sprint I: "Red Sonja").
             The game lasted 00:05:16 (1716 turns).

Kobolds4U the Spry (Minotaur Berserker)             Turns: 1716, Time: 00:05:17

Health: -15/104    AC:  2    Str: 22    XL:     10   Next: 21%
Magic:  3/3        EV: 22    Int:  4    God:    Trog [*****.]
Gold:   493        SH:  0    Dex: 13    Spells: 9/9 levels left

rFire    . . .     SeeInvis +   c - +1 great sword (antimagic)
rCold    . . .     Gourm    .   (shield currently unavailable)
rNeg     . . .     Faith    .   b - +0 animal skin
rPois    .         Spirit   .   (helmet restricted)
rElec    .         Reflect  .   (no cloak)
rCorr    .         Harm     .   (no gloves)
MR       ++...     NoTele   +   (no boots)
Stlth    +.........             (no amulet)
HPRegen  1.27/turn              a - ring of see invisible
MPRegen  0.08/turn              (no ring)

@: lethally poisoned (-15 -> -15), berserk cooldown, starving, regenerating,
hasted and slowed
A: retaliatory headbutt, horns 2
a: Berserk, Trog's Hand, Brothers in Arms, Renounce Religion


You were in the Dungeon.
You worshipped Trog.
Trog was extremely pleased with you.
You were starving.

You visited 1 branch You collected 570 gold pieces.
You spent 77 gold pieces at shops.

Inventory:

Hand Weapons
 c - a +1 antimagic great sword (weapon)
 j - a +0 long sword
Armour
 b - a +0 animal skin (worn)
Jewellery
 a - a ring of see invisible (left hand)
Scrolls
 i - a scroll of blinking
Potions
 d - a potion of curing
 g - 2 potions of magic
 h - a potion of berserk rage


   Skills:
 + Level 14.4 Fighting
 - Level 15.0 Long Blades
 + Level 10.1 Armour
 * Level 15.4 Dodging


You had 9 spell levels left.
You didn't know any spells.
Your spell library was empty.

Dungeon Overview and Level Annotations

Branches:
Dungeon (1/1)

Altars:
Cheibriados
Dithmenos
Elyvilon
Fedhas
Gozag
Hepliaklqana
Kikubaaqudgha
Makhleb
Nemelex Xobeh
Okawaru
Qazlal
Ru
Sif Muna
Trog
Uskayaw
Vehumet
Wu Jian
Xom
Yredelemnul
Zin
The Shining One
Jiyva
Lugonu

Shops:
D *

Annotations:
D Sonja


Innate Abilities, Weirdness & Mutations

You reflexively headbutt those who attack you in melee.
You have a pair of horns on your head.


Message History

Sonja blinks!
Sonja mumbles some strange words.
Sonja blinks!
There is an open door, spattered with blood here.
Sonja casts a spell.
Sonja blinks!
You feel sick.
Sonja hits you with a +1 short sword of distortion!
* * * LOW HITPOINT WARNING * * *
Space bends around you.
* * * LOW HITPOINT WARNING * * *
Sonja hits you with a +1 short sword of distortion.
* * * LOW HITPOINT WARNING * * *
You feel a strange sense of stasis. Sonja completely misses you.
Sonja misses you. You furiously retaliate!
You headbutt Sonja! Sonja misses you.
Sonja hits you with a +1 short sword of distortion.
* * * LOW HITPOINT WARNING * * *
Space warps horribly around you!
You die...

############################
#<.#..)..#..'..#__#..'.).#..
#..').#..').#..'..'..#)..##'
#..#####'#####'#__####...'§§
#..####..#...#.#### #####.§
#..#__####..##.# #+#
#..#_____##(#_.+ #.°^
#⌠⌠#_.∩).C'@K._# #.°.
####_..__##_(#'# ###^
#_____###(#:# ° #######
#.### . +$.$+ . #$.$# ##.##
#+#


You could see Sonja and a friendly cyclops (berserk).

Vanquished Creatures
  A lindwurm (D)
  A gargoyle (D)
  2 kobold demonologists (D)
  4 demonic crawlers (D)
  A slime creature (D)
  Sigmund (D)
  13 hogs (D)
  A yak (D)
  A floating eye (D)
  An ogre (D)
  A jelly (D)
  Ijyb (D)
28 creatures vanquished.

Notes
Turn   | Place    | Note
-------+----------+-------------------------------------------
     0 | D        | Kobolds4U the Minotaur Berserker began the quest for the
                  | Orb.
     0 | D        | Reached XP level 1. HP: 19/19 MP: 0/0
     1 | D        | Noticed Ijyb
     8 | D        | Killed Ijyb
     8 | D        | Reached skill level 5 in Fighting
     8 | D        | Reached XP level 2. HP: 29/29 MP: 1/1
    13 | D        | Noticed an ogre
    18 | D        | Killed an ogre
    18 | D        | Reached skill level 5 in Dodging
    18 | D        | Reached XP level 3. HP: 22/38 MP: 2/2
    18 | D        | Reached XP level 4. HP: 26/45 MP: 3/3
   191 | D        | Noticed Sigmund
   195 | D        | Killed Sigmund
   195 | D        | Reached ** piety under Trog
   195 | D        | Reached XP level 5. HP: 45/53 MP: 4/4
   195 | D        | Reached XP level 6. HP: 52/61 MP: 5/5
   249 | D        | Found an ornate altar of the Wu Jian Council.
   249 | D        | Found a deep blue altar of Sif Muna.
   251 | D        | Found a radiant altar of Vehumet.
   274 | D        | Found Xarhice's Assorted Antiques.
   274 | D        | Found an ancient bone altar of Kikubaaqudgha.
   274 | D        | Found a hazy altar of Hepliaklqana.
   274 | D        | Found a hide-covered altar of Uskayaw.
   274 | D        | Found a basalt altar of Yredelemnul.
   274 | D        | Found an opulent altar of Gozag.
   274 | D        | Found a snail-covered altar of Cheibriados.
   274 | D        | Found a sacrificial altar of Ru.
   274 | D        | Found a shadowy altar of Dithmenos.
   274 | D        | Noticed a yak
   282 | D        | Killed a yak
   283 | D        | Found a stormy altar of Qazlal.
   283 | D        | Found a blossoming altar of Fedhas.
   283 | D        | Found a bloodstained altar of Trog.
   283 | D        | Found an iron altar of Okawaru.
   283 | D        | Found a glowing golden altar of the Shining One.
   283 | D        | Found a glowing silver altar of Zin.
   283 | D        | Found a white marble altar of Elyvilon.
   284 | D        | Found a sparkling altar of Nemelex Xobeh.
   288 | D        | Bought a long sword for 77 gold pieces
   403 | D        | Found a viscous altar of Jiyva.
   403 | D        | Found a corrupted altar of Lugonu.
   403 | D        | Noticed a slime creature
   404 | D        | Found a burning altar of Makhleb.
   404 | D        | Found a shimmering altar of Xom.
   411 | D        | Killed a slime creature
   411 | D        | Reached *** piety under Trog
   411 | D        | Reached skill level 10 in Fighting
   411 | D        | Reached XP level 7. HP: 21/72 MP: 6/6
   652 | D        | Noticed a kobold demonologist
   652 | D        | Noticed a kobold demonologist
   660 | D        | Noticed a hellwing
   663 | D        | Killed a kobold demonologist
   672 | D        | Killed a kobold demonologist
   672 | D        | Reached **** piety under Trog
   672 | D        | Reached skill level 15 in Long Blades
   672 | D        | Reached skill level 10 in Dodging
   672 | D        | Reached XP level 8. HP: 82/82 MP: 7/7
   723 | D        | Noticed a demonic crawler
   723 | D        | Noticed a demonic crawler
   723 | D        | Noticed a demonic crawler
   723 | D        | Noticed a demonic crawler
   727 | D        | Killed a demonic crawler
   735 | D        | Killed a demonic crawler
   738 | D        | Killed a demonic crawler
   738 | D        | Reached skill level 5 in Armour
   738 | D        | Reached XP level 9. HP: 16/91 MP: 8/8
   743 | D        | Killed a demonic crawler
  1001 | D        | Identified a scroll of acquirement
  1020 | D        | Noticed a lindwurm
  1031 | D        | Killed a lindwurm
  1031 | D        | Reached ***** piety under Trog
  1264 | D        | Received a gift from Trog
  1283 | D        | Reached XP level 10. HP: 35/103 MP: 3/9
  1287 | D        | Reached skill level 15 in Dodging
  1542 | D        | Noticed a daeva
  1677 | D        | Noticed a gargoyle
  1681 | D        | Killed a gargoyle
  1681 | D        | Reached skill level 10 in Armour
  1701 | D        | Noticed Sonja
  1716 | D        | HP: 4/104 [Sonja/+1 short sword of distortion (6)]
  1716 | D        | HP: 1/104 [Sonja/+1 short sword of distortion (3)]
  1716 | D        | Demolished by Sonja

Skill      XL: |  1  2  3  4  5  6  7  8  9 10 |
---------------+-------------------------------+-----
Fighting       | 5 6 8 10 11 12 14 | 14.4
Long Blades    | 6 8 11 13 15 | 15.0
Dodging        | 3 5 7 8 10 12 14 15 | 15.4
Armour         | 5 9 10 | 10.1

Action                   |  1- 3 |  4- 6 |  7- 9 | 10-12 || total
-------------------------+-------+-------+-------+-------++-------
Melee: Falchion          |     9 |    12 |       |       ||    21
       Headbutt          |     4 |     5 |    36 |     3 ||    48
       Long sword        |       |     7 |    70 |       ||    77
       Great sword       |       |       |    11 |     7 ||    18
Invok: Berserk           |     1 |       |     2 |     1 ||     4
       Trog's Hand       |       |       |     1 |     1 ||     2
       Brothers in Arms  |       |       |     1 |     1 ||     2
  Use: Potion            |     1 |       |     1 |     1 ||     3
       Scroll            |       |       |     2 |       ||     2
  Eat: Ration            |       |       |     1 |       ||     1
       Chunk             |       |       |       |     2 ||     2
Armor: Animal skin       |       |       |     8 |       ||     8
Dodge: Dodged            |     6 |     6 |    77 |    21 ||   110
       Rpst.: Falchion   |     1 |     2 |       |       ||     3
       Long sword        |       |       |     8 |       ||     8
       Great sword       |       |       |       |     2 ||     2
